Map: Automaton LE

Players

Probe

  • Race: Protoss Protoss
  • Spawn Location: 9:00

puCK (Nina) - Winner!

  • Race: Protoss Protoss
  • League: Grandmaster
  • Spawn Location: 3:00

Event: Cheeseadelphia 8

VOD

Have the link to the VOD?

Description

Time

  • Played on: Dec. 9, 2018, 1:27 p.m.
  • Length: 8:36

All games in this series

Show
View Real Time Build Order
Export as new Build Order

Probe Protoss 

Build Orders: Phoenix Opening 

Get SALT Encoding   

  12  0:00  Probe  
  13  0:12  Probe  
  14  0:17  Pylon  
  14  0:24  Probe  
  15  0:32  Probe  
  15  0:37  Gateway  
  15  0:40  Probe  
  16  0:49  Assimilator  
  17  0:51  Probe  
  17  0:56  Assimilator  
  18  0:59  Probe  
  19  1:07  Probe  
  20  1:13  Gateway  
  20  1:17  Probe  
  21  1:26  Cybernetics Core  
  21  1:29  Probe  
  22  1:37  Pylon  
  22  1:41  Probe  
  23  1:53  Warp Gate  
  23  1:55  Probe  
  24  2:02  Stalker, Sentry  
  24  2:06  Pylon  
  28  2:29  Stalker  
  30  2:32  Stalker  
  32  2:38  Phoenix  
  32  2:42  Robotics Facility  
  32  2:45  Gateway  
  32  3:01  Stalker  
  32  3:02  Stalker  
  36  3:11  Pylon  
  36  3:20  Shield Battery  
  36  3:21  Warp Prism  
  37  3:55  Stalker  
  39  3:56  Stalker x2, Observer  
  44  4:05  Pylon  
  44  4:22  Stalker x2  
  47  4:31  Stalker  
  47  4:34  Probe  
  50  4:47  Probe  
  50  4:50  Stalker  
  53  4:55  Sentry  
  55  5:04  Probe  
  55  5:06  Pylon  
  54  5:16  Probe  
  53  5:29  Immortal, Probe  
  53  5:32  Twilight Council  
  58  5:47  Pylon  
  58  6:09  Probe  
  57  6:16  Warp Prism  
  61  6:18  Stalker, Sentry  
  53  6:36  Observer  
  53  6:39  Pylon  
  51  6:43  Sentry  
  51  6:44  Stalker  
  55  6:51  Stalker  
  47  7:17  Probe  
  48  7:29  Probe  
  49  7:33  Stalker x3  
  53  7:49  Zealot  
  35  8:05  Stalker  
  35  8:06  Stalker  
  27  8:13  Zealot  
Show
View Real Time Build Order
Export as new Build Order

puCK Protoss - Winner!

Build Orders: Oracle Opening, Phoenix Opening 

Get SALT Encoding   

  12  0:00  Probe  
  13  0:12  Probe  
  14  0:18  Pylon  
  14  0:24  Probe  
  15  0:32  Probe  
  15  0:38  Gateway  
  15  0:40  Probe  
  16  0:47  Assimilator  
  17  0:51  Probe  
  17  0:56  Assimilator  
  18  0:59  Probe  
  19  1:08  Probe  
  19  1:09  Gateway  
  20  1:19  Probe  
  21  1:26  Cybernetics Core  
  21  1:31  Probe  
  22  1:38  Pylon  
  22  1:43  Probe  
  23  1:56  Probe  
  24  2:03  Stalker, Warp Gate, Sentry  
  24  2:08  Probe  
  29  2:13  Pylon  
  29  2:35  Stargate  
  29  2:36  Phoenix  
  28  2:47  Nexus  
  28  2:50  Probe  
  29  2:58  Stalker  
  31  3:06  Stalker  
  31  3:09  Oracle, Probe  
  37  3:22  Probe  
  38  3:33  Pylon  
  38  3:34  Probe  
  39  3:45  Robotics Facility  
  39  3:51  Oracle  
  39  3:56  Shield Battery  
  42  4:06  Zealot  
  44  4:12  Gateway  
  44  4:22  Zealot  
  46  4:24  Probe  
  46  4:30  Immortal  
  49  4:41  Sentry  
  53  4:47  Shield Battery  
  53  4:52  Shield Battery  
  53  4:58  Pylon  
  53  5:12  Gateway, Warp Prism  
  51  5:29  Sentry  
  51  5:30  Gateway  
  53  5:36  Pylon  
  53  6:11  Stalker  
  55  6:24  Nexus  
  55  6:26  Pylon  
  55  6:27  Warp Prism  
  55  6:31  Pylon  
  55  6:44  Probe  
  55  6:45  Robotics Bay  
  56  6:48  Sentry x3  
  62  6:56  Probe  
  62  7:01  Pylon  
  59  7:16  Void Ray  
  59  7:19  Stalker x3  
  63  7:24  Probe  
  63  7:48  Zealot x2  
  58  7:51  Probe  
  58  7:55  Probe  
  50  8:03  Probe  
  47  8:07  Probe  
  46  8:16  Probe  
  47  8:19  Probe  
Tags
 
Add a new tag
Caveats
  • Supply blocks, unpowered buildings, or Contaminate may cause inaccurate times.
  • Supply counts are checked every 10 seconds.